 Dungeon Crawl Stone Soup version 0.26-a0-812-g31a745ddcd (webtiles) character file.

Game seed: 8227820988233748388

8916 graki42 the Thaumaturge (level 11, -7/54 HPs)
             Began as a Deep Elf Conjurer on Nov 20, 2020.
             Was a Priest of Vehumet.
             Mangled by a warg (15 damage)
             ... on level 10 of the Dungeon.
             The game lasted 00:34:33 (11391 turns).

graki42 the Thaumaturge (Deep Elf Conjurer)        Turns: 11391, Time: 00:34:33

Health: -7/54      AC:  7    Str: 13    XL:     11   Next: 16%
Magic:  22/29      EV: 13    Int: 24    God:    Vehumet [***...]
Gold:   564        SH:  0    Dex: 13    Spells: 20/34 levels left

rFire    . . .     SeeInvis +   J - +6 halberd of Kiystu {holy, rC+ MR+ Stlth-}
rCold    + + .     Faith    .   (shield currently unavailable)
rNeg     . . .     Spirit   .   B - +0 robe {rC+}
rPois    +         Reflect  .   w - +1 hat
rElec    .         Harm     .   (no cloak)
rCorr    .         Rampage  .   n - +2 pair of gloves
MR       ++...                  s - +0 pair of boots
Stlth    +.........             F - amulet of magic regeneration
HPRegen  0.18/turn              C - ring of poison resistance
MPRegen  0.46/turn              a - ring of Jaell {Str+6 SInv}

@: no status effects
A: no striking features
a: Renounce Religion


You were on level 10 of the Dungeon.
You worshipped Vehumet.
Vehumet was most pleased with you.
You visited 2 branches of the dungeon, and saw 11 of its levels.
You visited the Abyss 1 time.
You also visited: Sewer.

You collected 564 gold pieces.

Inventory:

Hand Weapons
 z - a +1 dagger of venom
 J - the +6 halberd of Kiystu (weapon) {holy, rC+ MR+ Stlth-}
   (You found it on level 8 of the Dungeon)

   It has been blessed by the Shining One to cause great damage to the undead
   and demons.
   It protects you from cold.
   It affects your resistance to hostile enchantments.
   It makes you less stealthy.
Armour
 n - a +2 pair of gloves (worn)
 s - a +0 pair of boots (worn)
 w - a +1 hat (worn)
 B - a +0 robe of cold resistance (worn)
 K - the cursed +0 scale mail of Integrity {*Contam rC+ Dex+5, unknown}
   (You found it on level 8 of the Dungeon)

   It affects your dexterity (+5).
   It protects you from cold.
   It causes magical contamination when unequipped.
   It has a curse placed upon it.
 S - +0 acid dragon scales
Magical Staves
 M - an uncursed staff of fire
Jewellery
 a - the ring of Jaell (right hand) {Str+6 SInv}
   (You found it on level 6 of the Dungeon)

   [ring of strength]

   It affects your strength (+6).
   It lets you see invisible.
 e - an uncursed ring of protection from fire
 q - an uncursed amulet of faith
 A - an uncursed ring of resist corrosion
 C - a ring of poison resistance (left hand)
 F - an amulet of magic regeneration (around neck)
 L - a cursed -4 ring of dexterity
 O - an uncursed ring of stealth {unknown}
 Q - a cursed +4 ring of protection {unknown}
Wands
 r - a wand of random effects (52)
 v - a wand of paralysis (14)
 I - a wand of polymorph (7)
Scrolls
 b - 16 scrolls of identify
 d - 4 scrolls of enchant weapon {unknown}
 g - 5 scrolls of remove curse {unknown}
 h - 5 scrolls of enchant armour {unknown}
 k - 5 scrolls of teleportation
 m - 3 scrolls of fear {unknown}
 p - 2 scrolls of blinking {unknown}
 u - a scroll of fog {unknown}
 y - 3 scrolls of random uselessness {unknown}
 E - 2 scrolls of amnesia {unknown}
 G - a scroll of magic mapping
 P - a scroll of noise {unknown}
 R - a scroll of immolation {unknown}
Potions
 c - 2 potions of heal wounds {unknown}
 f - 7 potions of curing {unknown}
 i - 2 potions of mutation {unknown}
 j - 3 potions of berserk rage {unknown}
 l - a potion of ambrosia {unknown}
 o - 2 potions of attraction {unknown}
 t - a potion of cancellation {unknown}
 x - 2 potions of flight {unknown}
 D - 4 potions of haste {unknown}
 H - 2 potions of magic {unknown}
 N - a potion of lignification {unknown}


   Skills:
 - Level 3.0 Dodging
 - Level 3.0 Stealth
 + Level 12.3 Spellcasting
 + Level 11.1 Conjurations
 + Level 10.1 Hexes
 + Level 8.6 Translocations


You had 20 spell levels left.
You knew the following spells:

 Your Spells              Type           Power        Failure   Level
a - Magic Dart            Conj           ####         1%          1
b - Searing Ray           Conj           ######       1%          2
c - Fulminant Prism       Conj/Hex       ######....   1%          4
d - Iskenderun's Mystic   Conj/Tloc      ######..     1%          4
e - Gell's Gravitas       Tloc           ######....   1%          3

Your spell library contained the following spells:

 Spells                   Type           Power        Failure   Level
 Frozen Ramparts          Ice            ##....       3%          3
 Corona                   Hex            ######.      1%          1
 Ensorcelled Hibernation  Hex/Ice        #####.       1%          2
 Confusing Touch          Hex            ######..     1%          3
 Dazzling Flash           Conj/Hex       ######       1%          3
 Tukima's Dance           Hex            ######..     1%          3
 Cause Fear               Hex            ######....   1%          4
 Irradiate                Conj/Tmut      #####.....   3%          5
 Beastly Appendage        Tmut           ##....       4%          1
 Yara's Violent Unravell  Hex/Tmut       #####.....   4%          5
 Wereblood                Tmut           ##......     6%          2
 Spider Form              Tmut/Pois      ##........   13%         3
 Metabolic Englaciation   Hex/Ice        #####.....   14%         5
 Silence                  Hex/Air        #####.....   14%         5
 Conjure Ball Lightning   Conj/Air       #####.....   17%         6
 Ice Form                 Ice/Tmut       ##......     38%         4
 Petrify                  Tmut/Erth      ##......     38%         4
 Summon Lightning Spire   Summ/Air       ##......     38%         4
 Blade Hands              Tmut           ##........   75%         5
 Discord                  Hex            ######....   99%         8
 Hydra Form               Tmut           ##........   100%        6
 Statue Form              Tmut/Erth      ##.......    100%        6
 Dragon Form              Tmut           ##........   100%        7
 Tornado                  Air            ##........   100%        9


Dungeon Overview and Level Annotations

Branches:
Dungeon (10/15)            Temple (1/1) D:6            Lair (0/6) D:10
  Sewer (visited)
    Orc: D:9-12

Altars:
Ashenzari
Cheibriados
Dithmenos
Elyvilon
Fedhas
Gozag
Hepliaklqana
Kikubaaqudgha
Makhleb
Nemelex Xobeh
Okawaru
Qazlal
Ru
Sif Muna
Trog
Uskayaw
Vehumet
Wu Jian
Xom
Yredelemnul
Zin
The Shining One

Shops:
D:8 [

Portals:
Trove: D:10 (give +3 shadow dragon scales)

Annotations:
D:8 , 2 runed translucent doors


Message History

* * * LOW HITPOINT WARNING * * *
The warg closely misses you.
Okay, then.
Casting: Searing Ray (safe; 1% risk of failure)
Confirm with . or Enter, or press ? or * to list all spells.
You erupt in a blast of force!
The mystic blast hits the warg!!
The warg is heavily wounded.
The warg is knocked back by the mystic blast.
The warg slams into the rock wall!
The mystic blast hits the iguana!
You kill the iguana!
Vehumet accepts your kill.
You feel your power returning.
The mystic blast hits the warg!
You kill the warg!
Vehumet accepts your kill.
You feel your power returning.
Casting: Iskenderun's Mystic Blast (safe; 1% risk of failure)
Confirm with . or Enter, or press ? or * to list all spells.
You erupt in a blast of force!
The mystic blast misses the warg. x2
The warg bites you!
You die...

.# .## ./# ..# .. .###
#####...####
###########...h.#.....
#............@h...#
#.#########.####.## ##
##)## #.# .# ..
###...## #.# # #
.......# #.# ###...##
#.# ####.####### #.#
..#..>....(. ..#
#....####### ..#


You could see 2 wargs.

Vanquished Creatures
  A two-headed ogre (D:10)
  Pikel (D:8)
  Psyche (D:8)
  The ghost of Finra the Cudgeller, a novice GrFi of Okawaru (D:8)
  2 wyverns
  11 yaks
  A basilisk (D:8)
  A steam dragon (D:8)
  Edmund (D:5)
  Menkaure (D:5)
  A warg (D:10)
  A water moccasin (Sewer)
  An acid dragon (D:10)
  Duvessa (D:6)
  5 orc warriors
  An ice beast (D:7)
  A black bear (D:8)
  2 necrophages
  2 phantoms
  4 ogres
  2 centaurs (D:5)
  2 lemures (D:8)
  4 bullfrogs
  A wyvern zombie (D:9)
  2 scorpions
  Dowan (D:6)
  4 killer bees (D:10)
  A howler monkey (D:8)
  12 wights
  A jelly (D:8)
  2 bullfrog zombies
  6 hounds
  6 quasits
  A centaur zombie (D:7)
  8 orc priests
  2 bullfrog skeletons (D:4)
  A gnoll shaman (D:5)
  5 iguanas
  10 orc wizards
  8 worker ants
  A hound zombie (D:6)
  2 hound skeletons
  11 gnolls
  8 adders
  2 shadow imps (D:8)
  5 white imps
  An ufetubus (D:6)
  An adder zombie (D:8)
  2 adder skeletons (D:4)
  2 worms
  3 dart slugs
  2 leopard geckos
  35 orcs
  3 ball pythons (D:5)
  7 giant cockroaches
  5 goblins
  6 hobgoblins
  8 jackals
  10 kobolds
  10 quokkas
  8 bats
  6 frilled lizards
  8 rats
265 creatures vanquished.

Vanquished Creatures (others)
  27 fulminant prisms
  13 plants (D:10)
40 creatures vanquished.

Grand Total: 305 creatures vanquished

Notes
Turn   | Place    | Note
-------+----------+-------------------------------------------
     0 | D:1      | graki42 the Deep Elf Conjurer began the quest for the Orb.
     0 | D:1      | Reached XP level 1. HP: 10/10 MP: 6/6
   209 | D:1      | Reached XP level 2. HP: 15/15 MP: 5/8
   213 | D:1      | Learned a level 2 spell: Searing Ray
  1363 | D:2      | Reached XP level 3. HP: 19/19 MP: 7/10
  1578 | D:2      | Reached skill level 4 in Spellcasting
  1592 | D:2      | Reached skill level 5 in Conjurations
  1593 | D:2      | Reached XP level 4. HP: 16/24 MP: 4/12
  2695 | D:3      | Reached skill level 5 in Spellcasting
  2893 | D:3      | Reached XP level 5. HP: 27/28 MP: 10/14
  3397 | D:4      | Noticed an ogre
  3402 | D:4      | Killed an ogre
  3402 | D:4      | Reached skill level 6 in Spellcasting
  3450 | D:4      | Reached XP level 6. HP: 32/32 MP: 13/17
  3899 | D:4      | Found a sacrificial altar of Ru.
  3903 | D:4      | Reached skill level 7 in Spellcasting
  4105 | D:4      | Reached XP level 7. HP: 36/36 MP: 15/19
  4162 | D:4      | Learned a level 4 spell: Fulminant Prism
  4167 | D:4      | Learned a level 4 spell: Iskenderun's Mystic Blast
  4272 | D:4      | Reached skill level 1 in Hexes
  4637 | D:5      | Entered Level 5 of the Dungeon
  4640 | D:5      | Found a glowing drain.
  4644 | D:5      | Noticed Menkaure
  4649 | D:5      | Killed Menkaure
  4649 | D:5      | Reached skill level 1 in Translocations
  4657 | Sewer    | Entered a sewer
  5097 | D:5      | Noticed Edmund
  5108 | D:5      | Killed Edmund
  5108 | D:5      | Reached skill level 8 in Spellcasting
  5108 | D:5      | Reached XP level 8. HP: 9/41 MP: 13/22
  6094 | D:6      | Found a shimmering altar of Xom.
  6394 | D:6      | Reached skill level 9 in Spellcasting
  6450 | D:6      | Noticed Dowan
  6452 | D:6      | Noticed Duvessa
  6455 | D:6      | Killed Dowan
  6455 | D:6      | Reached skill level 5 in Hexes
  6462 | D:6      | Killed Duvessa
  6586 | D:6      | Found a burning altar of Makhleb.
  6772 | D:6      | Reached XP level 9. HP: 29/45 MP: 20/24
  7016 | D:6      | Got a translucent wooden ring
  7018 | D:6      | Identified the ring of Jaell {Str+6 SInv} (You found it on
                  | level 6 of the Dungeon)
  7115 | D:6      | Found a staircase to the Ecumenical Temple.
  7137 | Temple   | Entered the Ecumenical Temple
  7402 | Temple   | Became a worshipper of Vehumet
  7853 | D:7      | Reached skill level 5 in Translocations
  8060 | D:7      | Learned a level 3 spell: Gell's Gravitas
  8596 | D:8      | Reached * piety under Vehumet
  8596 | D:8      | Offered knowledge of Shock by Vehumet.
  8615 | D:8      | Noticed Pikel
  8623 | D:8      | Killed Pikel
  8623 | D:8      | Reached skill level 10 in Spellcasting
  8712 | D:8      | Found a large runed translucent door.
  8713 | D:8      | Found a large runed translucent door.
  8714 | D:8      | Found a transporter.
  8848 | D:8      | Found a large runed translucent door.
  8848 | D:8      | Found a large runed translucent door.
  8852 | D:8      | Got a polished halberd
  8853 | D:8      | Identified the +6 halberd of Kiystu {holy, rC+ MR+ Stlth-}
                  | (You found it on level 8 of the Dungeon)
  8863 | D:8      | Got a twisted scale mail
  8884 | D:8      | Noticed Finra's ghost (novice GrFi)
  8885 | D:8      | Found a transporter.
  8887 | D:8      | Reached XP level 10. HP: 49/50 MP: 18/26
  8895 | D:8      | HP: 1/50 [Finra's ghost (2)]
  9224 | D:8      | Killed Finra's ghost
  9246 | D:8      | Reached skill level 10 in Conjurations
  9299 | D:8      | Reached ** piety under Vehumet
  9299 | D:8      | Offered knowledge of Freeze by Vehumet.
  9390 | D:8      | Reached skill level 11 in Spellcasting
  9946 | D:8      | Found Atiy's Armour Emporium.
 10117 | D:8      | Noticed Psyche
 10123 | D:8      | Paralysed by Psyche for 2 turns
 10123 | D:8      | Cast into level 2 of the Abyss (Psyche)
 10173 | D:8      | Escaped the Abyss
 10176 | D:8      | Killed Psyche
 10639 | D:9      | Offered knowledge of Frozen Ramparts by Vehumet.
 10878 | D:10     | Entered Level 10 of the Dungeon
 10878 | D:10     | Noticed a two-headed ogre
 11045 | D:10     | Killed a two-headed ogre
 11045 | D:10     | Reached skill level 12 in Spellcasting
 11045 | D:10     | Reached XP level 11. HP: 54/54 MP: 9/29
 11058 | D:10     | Reached *** piety under Vehumet
 11059 | D:10     | Reached skill level 10 in Hexes
 11125 | D:10     | Found a portal to a secret trove of treasure.
 11337 | D:10     | Found a staircase to the Lair.
 11391 | D:10     | Mangled by a warg

Illustrated notes

Levels and vault maps discovered:
D:1:      lemuel_arrival_hallway, layout_basic, minmay_strange_pillars,
          feat_on_display
D:2:      layout_basic
D:3:      layout_basic, lightli_corner_chamber
D:4:      layout_basic, nicolae_ru_great_annihilating_truth
D:5:      layout_basic, cheibrodos_sewer_entry_drain, minivault_14,
          uniq_menkaure, uniq_edmund
D:6:      layout_basic, lemuel_round_altar, temple_pool_b, basic_altar,
          dk_rats_in_the_wall, uniq_duvessa
D:7:      layout_basic, hangedman_minor_gate_pass
D:8:      layout_basic, gammafunk_ghost_stat_death, serial_shops,
          nicolae_shop_behind_doors, minmay_fountain_box,
          minmay_hollow_rounded_squares, uniq_psyche, uniq_pikel
D:9:      layout_roguey
D:10:     layout_loops_ring, dpeg_oklobed_lair, minmay_orc_entry_guard_dogs,
          enter_trove_2
Temple:   nicolae_temple_the_god_donut

Skill      XL: |  1  2  3  4  5  6  7  8  9 10 11 |
---------------+----------------------------------+-----
Stealth        | 3 |  3.0
Dodging        | 3 |  3.0
Spellcasting   | 4 5 6 7 8 9 10 12 | 12.3
Conjurations   | 5 6 7 8 9 10 11 | 11.1
Hexes          | 3 5 7 9 10 | 10.1
Translocations | 2 4 6 8 |  8.6

Action                   |  1- 3 |  4- 6 |  7- 9 | 10-12 || total
-------------------------+-------+-------+-------+-------++-------
Melee: Dagger            |       |       |     4 |       ||     4
       Halberd           |       |       |       |     2 ||     2
 Cast: Magic Dart        |    32 |     9 |    35 |    17 ||    93
       Searing Ray       |    12 |    44 |    78 |    40 ||   174
       Iskenderun's Myst |       |       |     6 |    23 ||    29
       Fulminant Prism   |       |       |     6 |    22 ||    28
  Use: Scroll            |       |       |     3 |       ||     3
Armor: Robe              |       |     5 |    14 |     9 ||    28
Dodge: Dodged            |     7 |    13 |    32 |    34 ||    86

Table legend: (Time is in decaauts)
 A = Elapsed time spent in this place.
 B = Non-inter-level travel time spent in this place.
 C = Inter-level travel time spent in this place.
 D = Time resting spent in this place.
 E = Time spent auto-exploring this place.
 F = Levels seen in this place.
 G = Mean time per level.
                   A        B        C        D        E       F      G
               +--------+--------+--------+--------+--------+-----+--------+
         Total |  11404 |  11148 |    256 |   1372 |   8327 |  13 |  877.2 |
       Dungeon |  10732 |  10489 |    243 |   1372 |   7788 |  10 | 1073.2 |
        Temple |    278 |    265 |     13 |      0 |    236 |   1 |  278.0 |
         Abyss |     49 |     49 |      0 |      0 |     18 |   1 |   49.0 |
         Sewer |    343 |    343 |      0 |      0 |    285 |   1 |  343.0 |
               +--------+--------+--------+--------+--------+-----+--------+

Top non-repeatable levels by time:
     D:8: 1666 daAuts
     D:2: 1358 daAuts
     D:6: 1349 daAuts
     D:4: 1254 daAuts
     D:5: 1113 daAuts
     D:3: 1052 daAuts
     D:1: 971 daAuts
     D:7: 785 daAuts
     D:9: 713 daAuts
    D:10: 467 daAuts
   Sewer: 343 daAuts
  Temple: 278 daAuts
 Abyss:2: 49 daAuts
